 Dungeon Crawl Stone Soup version 0.29-a0-241-g20d21d4356 (webtiles) character file.

Game seed: 11929207218931658546

130 Morbidden the Conjurer (level 4, -3/35 HPs)
             Began as a Draconian Conjurer on Mar 4, 2022.
             Slain by Menkaure (14 damage)
             ... on level 3 of the Dungeon.
             The game lasted 00:04:27 (3342 turns).

Morbidden the Conjurer (Draconian Conjurer)         Turns: 3342, Time: 00:04:28

Health: -3/35      AC:  5    Str: 10    XL:     4   Next: 90%
Magic:  8/8        EV: 12    Int: 20    God:
Gold:   112        SH:  0    Dex:  9    Spells: 6/9 levels left

rFire   + . .      SeeInvis .   p - +2 dagger (speed)
rCold   . . .      Faith    .   (no shield)
rNeg    . . .      Spirit   .   (body armour unavailable)
rPois   .          Reflect  .   (helmet restricted)
rElec   .          Harm     .   (no cloak)
rCorr   .          Rampage  .   (no gloves)
Will    .....                   (no boots)
Stlth   ++........              (no amulet)
HPRegen 0.11/turn               g - ring of protection from fire
MPRegen 0.11/turn               (no ring)

@: mighty
A: AC +5, unfitting armour, cold-blooded
a: no special abilities


You were on level 3 of the Dungeon.
You visited 1 branch of the dungeon, and saw 4 of its levels.

You collected 112 gold pieces.

Inventory:

Hand Weapons
 p - a +2 dagger of speed (weapon)
Missiles
 m - a throwing net
 s - 6 curare-tipped darts (quivered)
Jewellery
 g - a ring of protection from fire (left hand)
Scrolls
 a - a scroll of fog {unknown}
 c - 4 scrolls of identify {unknown}
 e - a scroll of brand weapon {unknown}
 f - 2 scrolls of enchant armour {unknown}
 n - 2 scrolls of enchant weapon {unknown}
 o - a scroll of fear {unknown}
 q - a scroll of noise {unknown}
 r - a scroll of magic mapping {unknown}
 t - a scroll of teleportation {unknown}
Potions
 b - a potion of magic {unknown}
 d - 3 potions of curing
 h - a potion of might
 i - 2 potions of degeneration {unknown}
 j - 2 potions of mutation {unknown}
 k - a potion of heal wounds {unknown}
 l - 2 potions of lignification {unknown}


   Skills:
 * Level 1.3 Fighting
 + Level 1.8 Dodging
 + Level 2.0 Stealth
 + Level 0.1 Unarmed Combat
 * Level 3.2 Spellcasting
 * Level 5.1 Conjurations


You had 6 spell levels left.
You knew the following spells:

 Your Spells              Type           Power      Damage    Failure   Level
a - Magic Dart            Conj           96%        1d7       1%          1
b - Searing Ray           Conj           48%        2d6       2%          2

Your spell library contained the following spells:

 Spells                   Type           Power      Damage    Failure   Level
 Dazzling Flash           Conj/Hex       26%        N/A       14%         3
 Fulminant Prism          Conj/Hex       6%         3d7       43%         4
 Iskenderun's Mystic Bla  Conj/Tloc      13%        2d5       43%         4


Dungeon Overview and Level Annotations

Branches:
Dungeon (4/15)
 Temple: D:4-7

Altars:
Uskayaw
Wu Jian

Annotations:
D:3 Menkaure


Innate Abilities, Weirdness & Mutations

Your plain brown scales are hard. (AC +5)
You cannot fit into any form of body armour.
You are cold-blooded and may be slowed by cold attacks.


Message History

You now have 112 gold pieces (gained 8).
Found a stone staircase leading down.
Done exploring.
Done exploring.
No target in view!
No target in view!
Done exploring.
Done exploring.
There is a stone staircase leading down here.
You climb downwards.
There is a stone staircase leading up here.
There is a stone staircase leading up here.
Found an escape hatch in the ceiling.
t - a scroll labelled DOGULU QIXZO No target in view!
No target in view!
Menkaure, Prince of Dust comes into view.
Menkaure shouts!
You see here a scroll labelled JOLYISMYUTU.
Menkaure casts a spell.
Menkaure seems to speed up.
There is an escape hatch in the ceiling here.
Menkaure is nearby!
Menkaure is nearby!
You hit Menkaure. You tail-slap Menkaure.
Menkaure is moderately damaged.
Menkaure hits you!!
Ouch! That really hurt!
Unknown command.
There is an escape hatch in the ceiling here.
Menkaure hits you.
* * * LOW HITPOINT WARNING * * *
A mysterious force pulls you upwards. The hatch slams shut behind you.
Unknown command.
You aren't carrying any items that you can evoke.
Unknown command.
It was a potion of might.
You feel very mighty all of a sudden. Menkaure barely misses you.
Menkaure hits you!
You die...

## #. #. ####.
############# #...#
#...@M......# #.###
#.#########.# #.##.
#.........#.# #.#8.
#...........# #.##.
#.........#######.###
#.................# #
#######.#############
######.................
#.............########.


You could see Menkaure (fast).

Vanquished Creatures
  2 orc wizards (D:3)
  An adder (D:2)
  2 dart slugs (D:2)
  6 orcs (D:3)
  11 ball pythons
  9 endoplasms
  3 giant cockroaches
  2 hobgoblins (D:1)
  2 quokkas
  2 bats (D:1)
  4 frilled lizards
  6 goblins
  8 kobolds
  5 rats
63 creatures vanquished.

Notes
Turn   | Place    | Note
-------+----------+-------------------------------------------
     0 | D:1      | Morbidden the Draconian Conjurer began the quest for the
                  | Orb.
     0 | D:1      | Reached XP level 1. HP: 14/14 MP: 3/3
   262 | D:1      | Reached XP level 2. HP: 9/20 MP: 0/5
   560 | D:1      | Learned a level 2 spell: Searing Ray
   724 | D:1      | Found a faded altar of an unknown god.
   967 | D:1      | Found a hide-covered altar of Uskayaw.
  1285 | D:2      | Reached XP level 3. HP: 27/27 MP: 2/6
  1722 | D:2      | Reached skill level 1 in Fighting
  2575 | D:3      | Reached skill level 5 in Conjurations
  2680 | D:3      | Reached XP level 4. HP: 35/35 MP: 3/7
  3116 | D:3      | Found an ornate altar of the Wu Jian Council.
  3334 | D:4      | Noticed Menkaure
  3342 | D:3      | Slain by Menkaure

Illustrated notes

Levels and vault maps discovered:
D:1:      sevenhm_arrival_forest_fort_small_6, layout_basic,
          nicolae_ecumenical_snake_handling
D:2:      layout_basic
D:3:      layout_basic, nzn_wu_jian_council_hall, serial_bayou_crossing
D:4:      layout_loops_ring, uniq_ijyb, uniq_sigmund, uniq_pikel, uniq_menkaure

Skill      XL: |  1  2  3  4 |
---------------+-------------+-----
Fighting       | 1 |  1.3
Stealth        | 2 |  2.0
Conjurations   | 5 |  5.1
Spellcasting   | 3 |  3.2
Dodging        | |  1.8
Unarmed Combat | |  0.1

Action                   |  1- 3 |  4- 6 || total
-------------------------+-------+-------++-------
Melee: Unarmed           |    21 |     9 ||    30
       Tailslap          |     2 |     5 ||     7
       Dagger            |       |     9 ||     9
 Cast: Magic Dart        |    83 |     5 ||    88
       Searing Ray       |     3 |     1 ||     4
  Use: Potion            |       |     1 ||     1
 Stab: Sleeping          |       |     2 ||     2
Armor: Skin              |     7 |     6 ||    13
Dodge: Dodged            |    20 |     8 ||    28

Table legend: (Time is in decaauts)
 A = Elapsed time spent in this place.
 B = Non-inter-level travel time spent in this place.
 C = Inter-level travel time spent in this place.
 D = Time resting spent in this place.
 E = Time spent auto-exploring this place.
 F = Levels seen in this place.
 G = Mean time per level.
                   A        B        C        D        E       F      G
               +--------+--------+--------+--------+--------+-----+--------+
         Total |   3349 |   3266 |     83 |     63 |   2819 |   4 |  837.2 |
       Dungeon |   3349 |   3266 |     83 |     63 |   2819 |   4 |  837.2 |
               +--------+--------+--------+--------+--------+-----+--------+

Top non-repeatable levels by time:
     D:2: 1226 daAuts
     D:1: 1175 daAuts
     D:3: 925 daAuts
     D:4: 23 daAuts
